[Event "Team 45 45 League T85"]
[Site "Internet Chess Club"]
[Date "2020.07.24"]
[Round "4"]
[White "cadmiumorange"]
[Black "Packerfan"]
[Result "0-1"]
[WhiteElo "1683"]
[BlackElo "1762"]
[Opening "Torre attack (Tartakower variation)"]
[ECO "D03"]
[Time "14:03:26"]
[TimeControl "2700+45"]

1. Nf3 Nf6 2. d4 d5 3. Bg5 e6 4. e3 Be7 5. Bd3 Nbd7 6. Nbd2 h6 7. Bh4 O-O 8. O-O
c5 9. c3 a6 10. Qe2 b5 11. Ne5 Bb7 12. f4 c4 13. Bc2 a5 14. g4 Nxe5 15. fxe5 Nh7
16. Bg3 Ng5 17. Qg2 g6 18. Rf4 Kg7 19. Raf1 Bc6 20. h4 Nh7 21. Qf2 Be8 22. e4 g5
23. Rf6 Nxf6 24. exf6+ Bxf6 25. exd5 exd5 26. Qf5 Rh8 27. h5 Ra6 28. Be5 Bxe5
29. dxe5 Qd7 30. Qf3 Qe6 31. Re1 Bd7 32. Bf5 Qc6 33. Rf1 Rf8 34. Qe2 Re8 35. Nf3
f6 36. Nd4 Qc8 37. e6 Bxe6 38. Nxe6+ Raxe6 39. Qc2 Qc5+ 40. Kh1 Re2 41. Qb1 Qe3
{White resigns} 0-1

[Event "Team 45 45 League T85"]
[Site "Internet Chess Club"]
[Date "2020.07.26"]
[Round "4"]
[White "Draconian"]
[Black "BrianWood"]
[Result "1/2-1/2"]
[WhiteElo "1684"]
[BlackElo "1574"]
[Opening "Sicilian: Kan, Maróczy bind (Réti variation)"]
[ECO "B41"]
[Time "14:01:16"]
[TimeControl "2700+45"]

1. e4 c5 2. Nf3 e6 3. d4 cxd4 4. Nxd4 a6 5. c4 Qc7 6. Nc3 Nf6 7. Bd3 Nc6 8. Nxc6
dxc6 9. Be3 e5 10. f3 Be6 11. Qb3 Nd7 12. Qc2 Bc5 13. Bf2 Bxf2+ 14. Qxf2 O-O 15.
O-O b5 16. cxb5 axb5 17. Rac1 Qb7 18. b3 f6 19. Rfd1 Rfd8 20. Qc2 Nc5 21. Bf1
Na6 22. Qf2 Rxd1 23. Rxd1 Bf7 24. Rd6 Qc7 25. Qd2 Nc5 26. b4 Ne6 27. Rd7 Qb6+
28. Kh1 Rd8 29. Qd6 Rxd7 30. Qxd7 Qf2 31. Qd3 Qb6 32. Qd2 Qd4 33. Nb1 Qxd2 34.
Nxd2 Nd4 35. a3 Nc2 36. Nb1 Ne3 37. Kg1 Bc4 38. Nd2 Bxf1 39. Nxf1 Nc2 40. Nd2
Nxa3 41. Kf2 Nc2 42. Ke2 Nxb4 43. Nb3 Kf7 44. Kd2 Na6 45. Na5 c5 46. Kc3 Ke6
{Game drawn by mutual agreement} 1/2-1/2

[Event "Team 45 45 League T85"]
[Site "Internet Chess Club"]
[Date "2020.07.26"]
[Round "4"]
[White "JeffH"]
[Black "ivanson"]
[Result "1-0"]
[WhiteElo "1769"]
[BlackElo "1636"]
[Opening "Ruy Lopez: closed, Keres (...Nd7) defense"]
[ECO "C96"]
[Time "17:00:56"]
[TimeControl "2700+45"]

1. e4 e5 2. Nf3 Nc6 3. Bb5 a6 4. Ba4 Nf6 5. O-O Be7 6. Re1 b5 7. Bb3 d6 8. c3
O-O 9. h3 Na5 10. Bc2 c5 11. d4 Nd7 12. Nbd2 exd4 13. cxd4 Nc6 14. d5 Nce5 15.
b3 Bf6 16. Rb1 Nxf3+ 17. Nxf3 Ne5 18. Bf4 Re8 19. Nxe5 Bxe5 20. Bxe5 Rxe5 21. f4
Re8 22. e5 dxe5 23. fxe5 Qg5 24. Qf3 Rxe5 25. Rxe5 Qxe5 26. d6 Ra7 27. Qc6 Bd7
28. Qb6 Ra8 29. Qc7 Qe8 30. Qxc5 Rc8 31. Qf2 g6 32. Qd2 Qe5 33. Kh1 Rc6 34. Rd1
Qb2 35. Be4 Qxd2 36. Rxd2 Rc1+ 37. Kh2 Kf8 38. Bb7 a5 39. Rd5 Ke8 40. Ba6 Bc6
41. Bxb5 Kd7 42. Bxc6+ Rxc6 43. Rxa5 Kxd6 44. b4 Rc7 45. Ra6+ Kd5 46. a4 Kc4 47.
b5 Rb7 48. b6 Kc5 49. a5 Kb5 50. Ra7 Rb8 51. b7 h5 52. a6 {Black resigns} 1-0

[Event "Team 45 45 League T85"]
[Site "Internet Chess Club"]
[Date "2020.07.25"]
[Round "4"]
[White "Snuffleupegus"]
[Black "timothysmall56"]
[Result "1-0"]
[WhiteElo "1511"]
[BlackElo "1580"]
[Opening "Sicilian"]
[ECO "B50"]
[Time "20:00:55"]
[TimeControl "2700+45"]

1. e4 c5 2. Nf3 d6 3. Nc3 a6 4. a4 Nf6 5. h3 e6 6. d4 cxd4 7. Nxd4 Be7 8. Be3
O-O 9. Bc4 Qc7 10. Bb3 Nc6 11. O-O Rd8 12. f4 e5 13. Nxc6 Qxc6 14. Nd5 Nxd5 15.
Bxd5 Qc7 16. fxe5 Be6 17. exd6 Bxd6 18. c4 Bh2+ 19. Kh1 Be5 20. Qb3 Bxd5 21.
cxd5 Qd6 22. Qxb7 Qg6 23. Rf3 Rdb8 24. Qe7 Rxb2 25. Rg1 Rab8 26. Qxe5 {Black
resigns} 1-0

[Event "Team 45 45 League T85"]
[Site "Internet Chess Club"]
[Date "2020.07.27"]
[Round "4"]
[White "fledermaus"]
[Black "filmdirector"]
[Result "1/2-1/2"]
[WhiteElo "1873"]
[BlackElo "1618"]
[Opening "English opening"]
[ECO "A05"]
[Time "14:02:13"]
[TimeControl "2700+45"]

1. Nf3 Nf6 2. c4 e6 3. Nc3 Nc6 4. d4 d5 5. Bg5 Be7 6. e3 b6 7. cxd5 Nxd5 8. Bb5
Bd7 9. Nxd5 exd5 10. Bxe7 Nxe7 11. Bd3 Ng6 12. Qb3 c6 13. O-O O-O 14. Rfc1 f5
15. g3 Qe7 16. h4 Qd6 17. h5 Nh8 18. Ne5 Rf6 19. Be2 g5 20. hxg6 hxg6 21. Kg2 g5
22. Bf3 Nf7 23. Nxf7 Rxf7 24. Rh1 Rh7 25. Rxh7 Kxh7 26. Rh1+ Kg7 27. Qd1 g4 28.
Be2 Rh8 29. Rxh8 Kxh8 30. Qh1+ Kg7 31. Qh4 Qf6 32. Bd3 Qxh4 33. gxh4 c5 34. dxc5
bxc5 35. Kg3 Kf6 36. Kf4 Kg6 37. h5+ Kxh5 38. Bxf5 Bxf5 39. Kxf5 Kh4 40. Ke5 Kh3
41. Kxd5 Kg2 42. e4 Kxf2 43. e5 g3 44. e6 g2 45. e7 g1=Q 46. e8=Q Qg5+ 47. Qe5
Qg8+ 48. Qe6 Qd8+ 49. Kxc5 Qa5+ 50. Kd4 Qd2+ 51. Ke4 Qc2+ 52. Kd5 Qxb2 53. Qf7+
Ke2 54. Qxa7 Qd2+ 55. Kc6 Qc2+ 56. Kb7 Qb2+ 57. Ka8 Qh8+ 58. Qb8 Qxb8+ 59. Kxb8
Kd3 60. a4 Kc4 61. a5 Kb5 62. a6 Kxa6 {Game drawn because neither player has
mating material} 1/2-1/2

[Event "Team 45 45 League T85"]
[Site "Internet Chess Club"]
[Date "2020.07.26"]
[Round "4"]
[White "Beetlejuice"]
[Black "justice02"]
[Result "1/2-1/2"]
[WhiteElo "1708"]
[BlackElo "1541"]
[Opening "QGD Slav: 3.Nf3"]
[ECO "D11"]
[Time "09:00:26"]
[TimeControl "2700+45"]

1. d4 d5 2. c4 c6 3. Nf3 a6 4. e3 Nf6 5. Bd3 g6 6. Nbd2 Bg7 7. O-O O-O 8. b3
Nbd7 9. Bb2 Re8 10. Rc1 e5 11. dxe5 Ng4 12. cxd5 Ngxe5 13. Nxe5 Nxe5 14. Bxe5
Rxe5 15. Be4 cxd5 16. Bf3 Bd7 17. b4 Bb5 18. Be2 Bxe2 19. Qxe2 Qb6 20. Nf3 Re4
21. Rfd1 Rxb4 22. Rxd5 Re8 23. Qd2 Rb2 24. Rc2 Rb5 25. Rd7 Rb1+ 26. Rc1 Rb2 27.
Rc2 Rb1+ {Game drawn by mutual agreement} 1/2-1/2

[Event "Team 45 45 League T85"]
[Site "Internet Chess Club"]
[Date "2020.07.25"]
[Round "4"]
[White "Grenadier"]
[Black "CPTsopiens"]
[Result "0-1"]
[WhiteElo "1572"]
[BlackElo "1822"]
[Opening "Bishop's opening: Berlin defense"]
[ECO "C24"]
[Time "10:00:33"]
[TimeControl "2700+45"]

1. e4 e5 2. Bc4 Nf6 3. d3 Nc6 4. Nc3 Na5 5. Nge2 Nxc4 6. dxc4 c6 7. Bg5 Bc5 8.
Qd3 Bxf2+ 9. Kxf2 Ng4+ 10. Ke1 Qxg5 11. Qg3 h6 12. h3 Ne3 13. Qxg5 hxg5 14. Kd2
Nxc4+ 15. Kc1 d6 16. b3 Ne3 17. Kd2 Nxg2 18. Rag1 Nh4 19. Ke3 f6 {White resigns}
0-1

[Event "Team 45 45 League T85"]
[Site "Internet Chess Club"]
[Date "2020.07.26"]
[Round "4"]
[White "Demachaeron"]
[Black "GoIrish"]
[Result "1/2-1/2"]
[WhiteElo "1702"]
[BlackElo "1483"]
[Opening "French defense"]
[ECO "C00"]
[Time "11:01:48"]
[TimeControl "2700+45"]

1. e4 e6 2. Nf3 d5 3. exd5 exd5 4. d4 Nc6 5. c3 Bd6 6. Be3 Nge7 7. Bd3 O-O 8.
O-O Bf5 9. Re1 Qd7 10. Qc2 Rae8 11. Nbd2 Bxd3 12. Qxd3 Nf5 13. h3 h6 14. Nf1
Nce7 15. Re2 Ng6 16. c4 Nxe3 17. fxe3 dxc4 18. Qxc4 c6 19. Rd1 Qe7 20. Qc2 Nf4
21. Ree1 Nd5 22. a3 Qe4 23. Qxe4 Rxe4 24. N3d2 {Game drawn by mutual agreement}
1/2-1/2